 Dungeon Crawl Stone Soup version 0.28-a0-655-g4eb62b627b (webtiles) character file.

Game seed: 10785560495318980874

0 lawman0 the Sneak (level 1, 0/11 HPs)
             Began as a Spriggan Delver on Oct 13, 2021.
             Succumbed to an adder's poison
             ... on level 5 of the Dungeon.
             The game lasted 00:00:09 (51 turns).

lawman0 the Sneak (Spriggan Delver)                   Turns: 51, Time: 00:00:09

Health: 0/11       AC:  2    Str:  8    XL:     1   Next: 0%
Magic:  2/2        EV: 17    Int: 11    God:
Gold:   14         SH:  0    Dex: 16    Spells: 0/0 levels left

rFire   . . .      SeeInvis +   a - +0 short sword
rCold   . . .      Faith    .   (shield restricted)
rNeg    . . .      Spirit   .   b - +0 robe
rPois   .          Reflect  .   (helmet restricted)
rElec   .          Harm     .   (no cloak)
rCorr   .          Rampage  .   (gloves unavailable)
Will    .....                   (boots unavailable)
Stlth   ++++......              (no amulet)
HPRegen 0.03/turn               (no ring)
MPRegen 0.08/turn               (no ring)

@: lethally poisoned (0 -> -8), very quick
A: very small, no large weapons, unfitting armour, see invisible, speed 3
a: no special abilities


You were on level 5 of the Dungeon.
You visited 1 branch of the dungeon, and saw 1 of its levels.

You collected 14 gold pieces.

Inventory:

Hand Weapons
 a - a +0 short sword (weapon)
Armour
 b - a +0 robe (worn)
Wands
 g - a wand of digging (3)
Scrolls
 c - a scroll of fog
 d - a scroll of magic mapping
 e - a scroll of fear
Potions
 f - a potion of haste
 h - a potion of degeneration {unknown}


   Skills:
 + Level 2.4 Fighting
 + Level 2.1 Short Blades
 + Level 2.6 Dodging
 + Level 7.2 Stealth


You couldn't memorise any spells.
You didn't know any spells.
Your spell library was empty.

Dungeon Overview and Level Annotations

Branches:
Dungeon (5/15)
 Temple: D:4-7

Altars:
Kikubaaqudgha


Innate Abilities, Weirdness & Mutations

You are very small and have problems with some larger weapons.
You are too small for most types of armour.
You have supernaturally acute eyesight. (SInv)
You cover ground extremely quickly. (Speed+++)


Message History

Welcome, lawman0 the Spriggan Delver.
They say the Orb of Zot lies within this dungeon, but they say a lot of things.
Press ? for a list of commands and other information.
Found a short sword and 19 gold pieces.
Found an ancient bone altar of Kikubaaqudgha.
Found a stone staircase leading down.
Found a white potion.
You see here a +0 short sword.
You see here a +0 short sword.
You hit the withered plant.
The withered plant begins to crumble.
The withered plant is lightly damaged.
You now have 14 gold pieces.
The withered plant crumbles away.
h - a white potion A sky beast comes into view.
A sky beast is nearby! 2 adders come into view.
There is a stone staircase leading down here.
You barely miss the adder. The adder misses you.
You closely miss the adder. The adder barely misses you.
You hit the adder but do no damage. The adder completely misses you.
You hit the adder but do no damage. The adder bites you.
You are poisoned.
The adder poisons you! The adder misses you.
You closely miss the adder.
You feel sick. The adder barely misses you.
You completely miss the adder.
You feel sick. The adder completely misses you.
You are too injured to fight recklessly!
You barely miss the adder.
You feel sick. The adder misses you. The adder bites you.
* * * LOW HITPOINT WARNING * * *
You are more poisoned.
The adder poisons you!
You are too injured to fight recklessly!
You completely miss the adder.
You die...

#..........#.......#.#
#S.........##.._..##P#
#...$.....PP.......P.#
#.................P.P#
#...S.........###....#
######.###P...#.....#
#..##.P.)......#
#####...........#.#
#..@S..>...PP..#..#
......######.........##
.#### #.......###
#.......# #########


You could see an adder.

Vanquished Creatures (others)
  A withered plant (D:5)
1 creature vanquished.

Notes
Turn   | Place    | Note
-------+----------+-------------------------------------------
     0 | D:5      | lawman0 the Spriggan Delver began the quest for the Orb.
     0 | D:5      | Reached XP level 1. HP: 11/11 MP: 2/2
    32 | D:5      | Noticed a sky beast
    51 | D:5      | Succumbed to an adder's poison

Illustrated notes

Levels and vault maps discovered:
D:5:      layout_rooms, kiku_gazebo_garden_becter, hex_large,
          minmay_statues_item

Action                   || total
-------------------------++-------
Melee: Short sword       ||     9
Dodge: Dodged            ||     7

Table legend: (Time is in decaauts)
 A = Elapsed time spent in this place.
 B = Non-inter-level travel time spent in this place.
 C = Inter-level travel time spent in this place.
 D = Time resting spent in this place.
 E = Time spent auto-exploring this place.
 F = Levels seen in this place.
 G = Mean time per level.
                   A        B        C        D        E       F      G
               +--------+--------+--------+--------+--------+-----+--------+
         Total |     34 |     34 |      0 |      0 |     14 |   1 |   34.0 |
       Dungeon |     34 |     34 |      0 |      0 |     14 |   1 |   34.0 |
               +--------+--------+--------+--------+--------+-----+--------+

Top non-repeatable levels by time:
     D:5: 34 daAuts
